 Dungeon Crawl Stone Soup version 0.21-a0-271-ge7f0487 (webtiles) character file.

49 JackS81 the Cudgeler (level 3, -5/46 HPs)
             Began as a Minotaur Berserker on Sept 15, 2017.
             Was a Follower of Trog.
             Slain by a worm (9 damage)
             ... on level 2 of the Dungeon.
             The game lasted 00:01:48 (823 turns).

JackS81 the Cudgeler (Minotaur Berserker)            Turns: 823, Time: 00:01:48

Health: -5/46      AC:  2    Str: 27    XL:     3   Next: 51%
Magic:  2/2        EV: 12    Int:  4    God:    Trog [*.....]
Gold:   24         SH:  0    Dex:  9    Spells: 2/2 levels left

rFire    . . .     SeeInvis .   a - +0 mace
rCold    . . .     Gourm    .   (no shield)
rNeg     . . .     Faith    .   b - +0 animal skin
rPois    .         Spirit   .   (helmet restricted)
rElec    .         Reflect  .   (no cloak)
rCorr    .         Harm     .   (no gloves)
MR       .....                  (no boots)
Stlth    ..........             (no amulet)
HPRegen  0.15/turn              (no ring)
MPRegen  0.08/turn              (no ring)

@: berserking, very quick
A: retaliatory headbutt, horns 2
a: Berserk, Burn Spellbooks, Renounce Religion


You were on level 2 of the Dungeon.
You worshipped Trog.
Trog was aware of your devotion.
You were hungry.

You visited 1 branch of the dungeon, and saw 2 of its levels.

You collected 24 gold pieces.

Inventory:

Hand Weapons
 a - a +0 mace (weapon)
Missiles
 d - 2 curare-tipped needles
 e - 42 stones (quivered)
 g - 24 arrows
Armour
 b - a +0 animal skin (worn)
Jewellery
 h - an uncursed amulet of rage {unknown}
Scrolls
 i - a scroll of identify {unknown}
Potions
 j - a potion of lignification {unknown}
Comestibles
 c - 3 bread rations
 f - a meat ration
 k - a chunk of flesh


   Skills:
 - Level 3.6 Fighting
 * Level 5.5 Maces & Flails
 - Level 2.4 Armour
 - Level 2.1 Dodging


You had 2 spell levels left.
You didn't know any spells.

Dungeon Overview and Level Annotations

Branches:
Dungeon (2/15)

Altars:


Innate Abilities, Weirdness & Mutations

You reflexively headbutt those who attack you in melee.
You have a pair of horns on your head.


Message History

a robe; the human skeleton of Jessica You start resting.
A worm comes into view.
Found a tiny bone amulet.
You start resting.
You hit the worm.
The worm is lightly wounded.
The worm bites you!
* * * LOW HITPOINT WARNING * * *
You thump the worm!
The worm is heavily wounded.
You barely miss the worm.
The worm is heavily wounded.
The worm bites you.
* * * LOW HITPOINT WARNING * * *
A red film seems to cover your vision as you go berserk!
You feel yourself moving faster!
You feel mighty!
You are feeling hungry.
The worm bites you!
You die...

#########
##........
##.........
#.<.......#
####.........#
#..#>........#
###..#..)......#
#....#.[.......#
#.@#......%.#
##.w........#
###g.###.###
..... .#
.......#
......".
.......# ...#


You could see a worm and a hobgoblin (wandering).

Vanquished Creatures
  Jessica (D:2)
  2 bats (D:1)
  A giant cockroach (D:1)
  2 goblins (D:1)
  5 hobgoblins (D:1)
  6 kobolds
  3 frilled lizards (D:1)
  A rat (D:1)
21 creatures vanquished.

Notes
Turn   | Place    | Note
-------+----------+-------------------------------------------
     0 | D:1      | JackS81 the Minotaur Berserker began the quest for the Orb.
     0 | D:1      | Reached XP level 1. HP: 19/19 MP: 0/0
    41 | D:1      | Reached skill level 4 in Maces & Flails
   194 | D:1      | Reached XP level 2. HP: 25/26 MP: 1/1
   801 | D:2      | Noticed Jessica
   804 | D:2      | Killed Jessica
   804 | D:2      | Reached skill level 5 in Maces & Flails
   804 | D:2      | Reached XP level 3. HP: 15/31 MP: 2/2
   823 | D:2      | Slain by a worm

Vault maps used:
D:1:      scummos_arrival_checkerplants
D:2:      nicolae_qazlal_eye_of_the_storm, dancing_weapons_uskayaw, first_bread,
          kennysheep_cross_room, uniq_jessica

Skill      XL: |  1  2 |
---------------+-------+-----
Maces & Flails | 4 5 |  5.5
Fighting       | |  3.6
Armour         | |  2.4
Dodging        | |  2.1

Action                   || total
-------------------------++-------
Melee: Mace              ||    45
       Headbutt          ||     6
Invok: Berserk           ||     1
Armor: Animal skin       ||    10
Dodge: Dodged            ||    30

Table legend:
 A = Spawn XP
 B = Non-spawn XP
 C = Spawn XP percentage of total XP
 D = Spawn monster count
 E = Non-spawn monster count
 F = Spawn count percentage of total count
 G = Total turns spent on level
                    A         B        C        D         E        F      G
               +---------+---------+-------+---------+---------+-------+---------
         Total |       0 |      70 |   0.0 |       0 |      21 |   0.0 |   823
               +---------+---------+-------+---------+---------+-------+---------
           D:1 |       0 |      32 |   0.0 |       0 |      19 |   0.0 |   796
           D:2 |       0 |      38 |   0.0 |       0 |       2 |   0.0 |    27
               +---------+---------+-------+---------+---------+-------+---------
